 Dungeon Crawl Stone Soup version 0.26.1-2-gb8aa6d0cf2 (webtiles) character file.

Game seed: 9807539814636686018

49 Gadfly the Skirmisher (level 3, -1/39 HPs)
             Began as an Ogre Monk on Feb 12, 2021.
             Slain by a gnoll
             ... wielding a +2 halberd of freezing
              (12 damage)
             ... on level 2 of the Dungeon.
             The game lasted 00:01:49 (2494 turns).

Gadfly the Skirmisher (Ogre Monk)                   Turns: 2494, Time: 00:01:49

Health: -1/39      AC:  3    Str: 13 (16) XL:     3   Next: 77%
Magic:  4/4        EV: 10    Int:  8 (11) God:
Gold:   81         SH:  0    Dex:  8 (11) Spells: 2/2 levels left

rFire    . . .     SeeInvis .   a - +0 mace
rCold    . . .     Faith    .   (no shield)
rNeg     . . .     Spirit   .   b - +0 robe
rPois    .         Reflect  .   (helmet restricted)
rElec    .         Harm     .   (no cloak)
rCorr    .         Rampage  .   (gloves unavailable)
Will     .....                  (boots unavailable)
Stlth    +.........             (no amulet)
HPRegen  0.13/turn              (no ring)
MPRegen  0.09/turn              (no ring)

@: no status effects
A: large, unfitting armour, tough skin 1
a: no special abilities


You were on level 2 of the Dungeon.
You visited 1 branch of the dungeon, and saw 2 of its levels.

You collected 81 gold pieces.

Inventory:

Hand Weapons
 a - a +0 mace (weapon)
Missiles
 h - 8 boomerangs (quivered)
Armour
 b - a +0 robe (worn)
Scrolls
 c - 2 scrolls of enchant armour {unknown}
 e - a scroll of teleportation {unknown}
 f - a scroll of remove curse
 g - a scroll of noise {unknown}


   Skills:
 - Level 4.0 Fighting
 + Level 2.8 Maces & Flails
 * Level 1.4 Throwing
 * Level 1.0 Armour
 - Level 2.6 Dodging
 - Level 1.4 Stealth
 * Level 1.4 Invocations
 * Level 1.1 Evocations


You had 2 spell levels left.
You didn't know any spells.
Your spell library was empty.

Dungeon Overview and Level Annotations

Branches:
Dungeon (2/15)

Altars:


Innate Abilities, Weirdness & Mutations

You are too large for most types of armour.
You have tough skin. (AC +1)


Message History

* * * LOW HITPOINT WARNING * * *
You hit the gnoll but do no damage. The gnoll barely misses you.
It was a potion of degeneration.
There was something very wrong with that liquid.
You feel weakened.
You feel dopey.
You feel clumsy. The gnoll closely misses you.
You barely miss the gnoll. The gnoll closely misses you.
You hit the gnoll.
The gnoll is heavily wounded.
The gnoll closely misses you.
You closely miss the gnoll.
The gnoll is moderately wounded.
The gnoll closely misses you.
You barely miss the gnoll.
The gnoll is moderately wounded.
The gnoll closely misses you.
You thump the gnoll!
The gnoll is almost dead.
The gnoll hits you with a +2 halberd of freezing!
You die...

.............# #.#
...)....)....# #.#
)............### #.#
...............# #.###
...............# #...#
##.............# #.###
##.............# #.#
##+##'####....P#+#+#
#.#
....#..........'@g.#
#.#
....#.........P#...#
#.#
....#..........#...#
#.#
......#######..########
#.#.#
......#####...##......#
#.#.#
.##...........##.####.#
#.#.#
.#............+....##.#
#.#.#
..............##.#.##.#
#.#.#
#..............#.#.##.#
#.#.#


You could see a gnoll.

Vanquished Creatures
  An adder (D:2)
  An ooze (D:2)
  A worm (D:2)
  A dart slug (D:1)
  2 giant cockroaches
  2 goblins
  6 hobgoblins
  2 jackals (D:2)
  4 kobolds
  3 bats
  2 frilled lizards
  6 rats
31 creatures vanquished.

Notes
Turn   | Place    | Note
-------+----------+-------------------------------------------
     0 | D:1      | Gadfly the Ogre Monk began the quest for the Orb.
     0 | D:1      | Reached XP level 1. HP: 24/24 MP: 1/1
   305 | D:1      | Reached XP level 2. HP: 32/32 MP: 2/2
   379 | D:1      | Reached skill level 1 in Invocations
  1445 | D:2      | Reached skill level 1 in Throwing
  1445 | D:2      | Reached XP level 3. HP: 17/39 MP: 3/3
  1605 | D:2      | Reached skill level 1 in Evocations
  2248 | D:2      | Reached skill level 1 in Armour
  2494 | D:2      | Slain by a gnoll

Illustrated notes

Levels and vault maps discovered:
D:1:      dpeg_arrival_signposts, layout_loops_corners, serial_aquarium,
          aquarium_bridge_square [aquarium_subvault_bridge,
          aquarium_subvault_window, aquarium_subvault_wall,
          aquarium_subvault_bridge], aquarium_bridge_square
          [aquarium_subvault_bridge, aquarium_subvault_wall,
          aquarium_subvault_bridge, aquarium_subvault_bridge],
          aquarium_window_corner, aquarium_window_double, aquarium_window_1,
          aquarium_window_1, aquarium_view_4
D:2:      layout_basic, kennysheep_cross_bottleneck, chequers_big_river,
          cheibrodos_gnoll_hut

Skill      XL: |  1  2  3 |
---------------+----------+-----
Invocations    | 1 |  1.4
Throwing       | 1 |  1.4
Evocations     | 1 |  1.1
Armour         | 1 |  1.0
Fighting       | |  4.0
Maces & Flails | |  2.8
Dodging        | |  2.6
Stealth        | |  1.4

Action                   || total
-------------------------++-------
Melee: Mace              ||   106
Throw: Stone             ||     4
  Use: Scroll            ||     4
       Potion            ||     2
 Stab: Sleeping          ||     3
Armor: Robe              ||    27
Dodge: Dodged            ||    60
